 Dungeon Crawl Stone Soup version 0.19.1-1-g22dce08 (webtiles) character file.

4414 Gargoyl the Covered (level 10, -18/84 HPs)
             Began as a Ghoul Abyssal Knight on Dec 28, 2016.
             Was a High Priest of Lugonu.
             Demolished by a hill giant
             ... wielding a +0 giant club
             ... summoned by an orange crystal statue
              (21 damage)
             ... on level 10 of the Dungeon.
             The game lasted 00:22:41 (7974 turns).

Gargoyl the Covered (Ghoul Abyssal Knight)          Turns: 7974, Time: 00:22:41

Health: -18/84     AC: 15    Str: 15 (18) XL:     10   Next: 36%
Magic:  10/14      EV:  7    Int:  5 (7)  God:    Lugonu [*****.]
Gold:   57         SH: 13    Dex:  9 (10) Spells: 0 memorised, 9 levels left

rFire  . . .     SeeInvis .     r - +0 broad axe
rCold  + . .     Gourm    .     d - +0 chain mail
rNeg   + + +     Faith    .     p - +2 large shield
rPois  ∞         Spirit   .     f - +1 helmet
rElec  .         Reflect  .     I - +0 cloak
rCorr  .         Harm     .     (no gloves)
MR     .....                    M - +0 pair of boots
Stlth  ..........               (no amulet)
                                (no ring)
                                t - +4 ring of evasion

@: very slightly contaminated, rotting, hasted, very quick
A: rotting body, claws 1, carnivore 3, cold resistance 1, negative energy
resistance 3, slow regeneration 1, torment resistance, unbreathing
a: Depart the Abyss, Bend Space, Banish, Corrupt, Enter the Abyss, Renounce
Religion


You were on level 10 of the Dungeon.
You worshipped Lugonu.
Lugonu was extremely pleased with you.
You were not hungry.

You visited 1 branch of the dungeon, and saw 10 of its levels.
You visited the Abyss 1 time.

You collected 472 gold pieces.
You spent 415 gold pieces at shops.

Inventory:

Hand Weapons
 a - a +1 hand axe
 r - a +0 broad axe (weapon)
 y - a +0 war axe
 G - a +3 hand axe
Armour
 d - a +0 chain mail (worn)
 f - a +1 helmet (worn)
 p - a +2 large shield (worn)
 I - a +0 cloak (worn)
 M - a +0 pair of boots (worn)
Jewellery
 t - a +4 ring of evasion (left claw)
 L - an uncursed ring of flight {unknown}
Wands
 b - a wand of paralysis (11/24)
 n - a wand of lightning (8/15)
 u - a wand of polymorph (10/24)
 z - a wand of slowing (32/48)
 N - a wand of flame (24/48)
Scrolls
 g - 2 scrolls of blinking
 j - 2 scrolls of magic mapping
 E - 4 scrolls of teleportation
 K - a scroll of recharging
Potions
 e - 2 potions of agility {unknown}
 h - 2 potions of flight {unknown}
 o - a potion of curing {unknown}
 s - 2 potions of degeneration
 C - a potion of ambrosia {unknown}
 D - 4 potions of lignification
Books
 k - Seodol's Almanac of the Aerial Compass
   (You found it on level 7 of the Dungeon)

   Spells                             Type                      Level
   a - Blink                          Translocation                2
   b - Mephitic Cloud                 Conjuration/Poison/Air       3
   c - Summon Lightning Spire         Summoning/Air                4
 v - a book of Cantrips

   Spells                             Type                      Level
   a - Confusing Touch                Hexes                        1
   b - Animate Skeleton               Necromancy                   1
   c - Summon Small Mammal            Summoning                    1
   d - Apportation                    Translocation                1
 A - a book of Minor Magic

   Spells                             Type                      Level
   a - Magic Dart                     Conjuration                  1
   b - Blink                          Translocation                2
   c - Call Imp                       Summoning                    2
   d - Repel Missiles                 Charms/Air                   2
   e - Slow                           Hexes                        2
   f - Conjure Flame                  Conjuration/Fire             3
   g - Mephitic Cloud                 Conjuration/Poison/Air       3
 F - a book of Beasts

   Spells                             Type                      Level
   a - Summon Butterflies             Summoning                    1
   b - Call Canine Familiar           Summoning                    3
   c - Summon Ice Beast               Ice/Summoning                4
   d - Summon Mana Viper              Hexes/Summoning              5
   e - Summon Hydra                   Summoning                    7
Comestibles
 c - 5 meat rations
 i - 2 royal jellies
 q - 8 beef jerkies


   Skills:
 + Level 6.8 Fighting
 + Level 4.5(5.7) Axes
   Level 5.3(6.1) Polearms
 + Level 0.5 Throwing
 * Level 7.8 Armour
 + Level 2.8 Dodging
 + Level 1.7 Shields
 * Level 7.7 Invocations


You had 9 spell levels left.
You didn't know any spells.

Dungeon Overview and Level Annotations

Branches:
Dungeon (10/15)            Temple (0/1) D:6
   Lair: D:8-11         Orc: D:9-12

Altars:
Dithmenos
Elyvilon
Gozag
Kikubaaqudgha
Makhleb
Nemelex Xobeh
Sif Muna
Vehumet
The Shining One

Shops:
D:5 !   D:7 *=(   D:8 (

Annotations:
D:9 Maurice
D:10 1 runed door, exclusion: orange crystal statue


Innate Abilities, Weirdness & Mutations

Your body is rotting away.
You thrive on raw meat.
You are immune to poison.
You have sharp fingernails.
You are carnivorous and can eat meat at any time.
Your flesh is cold resistant. (rC+)
You are immune to negative energy. (rN+++)
You regenerate slowly when monsters are visible.
You are immune to unholy pain and torment.
You can survive without breathing.


Message History

* * * LOW HITPOINT WARNING * * *
Something hits you.
* * * LOW HITPOINT WARNING * * *
You block something's attack. Something hits you!
* * * LOW HITPOINT WARNING * * *
It was a potion of degeneration.
There was something very wrong with that liquid.
You feel weakened.
You feel dopey.
You feel clumsy. Something hits you but does no damage.
It was a potion of lignification.
You feel woody for a moment. Something hits you.
* * * LOW HITPOINT WARNING * * *
Press: ? - help, Shift-Dir - straight line, f - hill giant
Aim: a hill giant, wielding a giant club (summoned, chance to defeat MR: 72%)
The hill giant struggles to resist.
You feel somewhat more hungry. Something hits you.
* * * LOW HITPOINT WARNING * * *
The hill giant hits you with a giant club!!
You die...

#...#..#.....#
....##.###...###
#..##.##..?..## #.#
##.######### #..'.o'..(8)..+
.# #...........
#..##.##..?..## ##.#
#........... #...#..#.....#
#.. #...........
#...##.###.### ##.#
#........... ##...#.. #+#
#..#####+####.÷.## ###.###.
###....#.....###.### #...###
###oC@...'....###.###.
###...#+#o.......#....###)##..
###........#.####..###.####.
##...o.########..###.(%##.
####### #......##÷§.##.
#......##÷..##.
#......#######.
#......######..
#..#..###..####


You could see a hill giant, an orc warrior and 2 orcs.

Vanquished Creatures
  A hippogriff (D:8)
  Sigmund (D:6)
  A shadow (D:7)
  5 orc warriors
  A black bear (D:7)
  A phantom (D:5)
  2 sky beasts (D:6)
  7 ogres
  A necrophage (D:9)
  A centaur (D:5)
  A big kobold (D:7)
  7 bullfrogs
  A scorpion (D:7)
  A wyvern skeleton (D:8)
  4 killer bees (D:7)
  A howler monkey (D:9)
  3 wights (D:9)
  An electric eel (D:7)
  2 crimson imps
  4 hounds
  A centaur zombie (D:4)
  9 orc priests
  5 jellies
  6 orc wizards
  A bullfrog skeleton (D:7)
  Jessica (D:2)
  Ijyb (D:1)
  5 worker ants
  A hound zombie (D:9)
  A hound skeleton (D:4)
  Robin (D:4)
  15 adders
  5 shadow imps
  2 adder zombies
  An adder skeleton (D:8)
  A worm (D:3)
  A dart slug (D:4)
  6 leopard geckos
  21 orcs
  3 giant cockroaches
  21 goblins
  4 hobgoblins (D:1)
  6 jackals
  3 quokkas
  8 bats
  12 frilled lizards
  A jackal skeleton (D:6)
  8 kobolds
  7 rats
203 creatures vanquished.

Vanquished Creatures (others)
  An orc wizard (D:3)
1 creature vanquished.

Grand Total: 204 creatures vanquished

Notes
Turn   | Place    | Note
-------+----------+-------------------------------------------
     0 | Abyss:1  | Gargoyl the Ghoul Abyssal Knight began the quest for the Orb.
     0 | Abyss:1  | Reached XP level 1. HP: 19/19 MP: 1/1
   116 | Abyss:1  | Noticed a small abomination
   121 | Abyss:1  | Noticed a large abomination
   151 | Abyss:1  | Noticed a hell hog
   154 | D:1      | Escaped the Abyss
   389 | D:1      | Reached XP level 2. HP: 26/26 MP: 2/2
   486 | D:1      | Reached * piety under Lugonu
   867 | D:1      | Reached XP level 3. HP: 33/33 MP: 3/3
   970 | D:2      | Noticed Ijyb
   990 | D:1      | Killed Ijyb
   990 | D:1      | Reached skill level 1 in Dodging
  1034 | D:2      | Reached XP level 4. HP: 29/40 MP: 4/4
  1100 | D:2      | Noticed Jessica
  1106 | D:2      | Killed Jessica
  1301 | D:2      | Found an ancient bone altar of Kikubaaqudgha.
  1302 | D:2      | Found a deep blue altar of Sif Muna.
  1310 | D:2      | Reached XP level 5. HP: 35/46 MP: 5/5
  1464 | D:2      | Reached ** piety under Lugonu
  2374 | D:4      | Reached XP level 6. HP: 43/53 MP: 7/7
  2507 | D:4      | Noticed Robin
  2531 | D:4      | Killed Robin
  2816 | D:4      | Found a white marble altar of Elyvilon.
  2825 | D:4      | Reached XP level 7. HP: 37/60 MP: 8/8
  2978 | D:4      | Reached *** piety under Lugonu
  3086 | D:4      | Reached skill level 5 in Fighting
  3106 | D:5      | Entered Level 5 of the Dungeon
  3182 | D:5      | Found Vada's Distillery.
  3217 | D:5      | Bought a potion of heal wounds for 55 gold pieces
  3217 | D:5      | Bought a potion of heal wounds for 55 gold pieces
  3217 | D:5      | Bought a potion of heal wounds for 55 gold pieces
  3327 | D:5      | Reached skill level 5 in Armour
  3445 | D:5      | Reached XP level 8. HP: 37/68 MP: 10/10
  3538 | D:5      | Found a glowing golden altar of the Shining One.
  3672 | D:5      | Reached skill level 1 in Polearms
  3894 | D:6      | Found a shadowy altar of Dithmenos.
  4063 | D:6      | Found an opulent altar of Gozag.
  4117 | D:6      | Found a burning altar of Makhleb.
  4125 | D:6      | Reached skill level 5 in Invocations
  4289 | D:6      | Found a staircase to the Ecumenical Temple.
  4355 | D:6      | Noticed Sigmund
  4369 | D:6      | Killed Sigmund
  4557 | D:7      | Identified Seodol's Almanac of the Aerial Compass
  4614 | D:7      | Reached **** piety under Lugonu
  4623 | D:7      | Reached XP level 9. HP: 39/74 MP: 12/12
  4759 | D:7      | Found Ethroczuts's Jewellery Boutique.
  5060 | D:7      | Found Vibriada's Assorted Antiques.
  5068 | D:7      | Bought a large ivory ring for 125 gold pieces
  5068 | D:7      | Bought a potion of heal wounds for 125 gold pieces
  5230 | D:7      | Found Plog's Antique Weapon Boutique.
  5273 | D:7      | Reached ***** piety under Lugonu
  5857 | D:8      | Found Zadamn's Antique Weapon Shoppe.
  6168 | D:8      | Reached skill level 5 in Polearms
  6175 | D:8      | Found a white marble altar of Elyvilon.
  6300 | D:8      | Reached XP level 10. HP: 37/82 MP: 14/14
  6321 | D:8      | Reached skill level 1 in Shields
  7051 | D:9      | Found a radiant altar of Vehumet.
  7091 | D:9      | Found a sparkling altar of Nemelex Xobeh.
  7210 | D:9      | Noticed Maurice
  7600 | D:10     | Entered Level 10 of the Dungeon
  7907 | D:10     | Found a runed door.
  7920 | D:10     | Found a runed door.
  7928 | D:10     | Noticed an orange crystal statue
  7933 | D:10     | Noticed a hill giant
  7974 | D:10     | HP: 3/84 [something (2)]
  7974 | D:10     | Demolished by a hill giant

Skill      XL: |  1  2  3  4  5  6  7  8  9 10 |
---------------+-------------------------------+-----
Armour         | 2 3 4 5 6 7 |  7.8
Axes           | 2 3 4 |  4.5
Dodging        | 1 2 |  2.8
Fighting       | 4 5 6 |  6.8
Invocations    | 3 4 5 6 7 |  7.7
Polearms       | 2 5 |  5.3
Shields        | 1 |  1.7
Throwing       | |  0.5

Action                   |  1- 3 |  4- 6 |  7- 9 | 10-12 || total
-------------------------+-------+-------+-------+-------++-------
Melee: Hand axe          |    96 |   261 |    20 |       ||   377
       Trident           |       |       |   492 |     6 ||   498
       Broad axe         |       |       |       |   212 ||   212
Throw: Tomahawk          |       |     2 |       |     5 ||     7
Invok: Depart the Abyss  |     1 |       |       |       ||     1
       Banish            |       |       |       |     1 ||     1
Evoke: Wand              |       |       |       |     3 ||     3
  Use: Scroll            |       |     6 |    11 |       ||    17
       Potion            |       |     1 |     2 |     3 ||     6
  Eat: Chunk             |     6 |    31 |    59 |    22 ||   118
       Meat ration       |       |     1 |       |       ||     1
Armor: Chain mail        |    74 |   152 |   249 |   147 ||   622
Dodge: Dodged            |    33 |   157 |   307 |    40 ||   537
Block: Large shield      |       |       |    66 |   148 ||   214
